Map: [ESL] Alcyone

Players

Oliveira

  • Race: Terran Terran
  • Spawn Location: 1:00

Classic - Winner!

  • Race: Protoss Protoss
  • Spawn Location: 7:00

Event: ESL Spring 2024 Finals

VOD

Have the link to the VOD?

Description

Time

  • Played on: May 31, 2024, 10:46 a.m.
  • Length: 17:53

All games in this series

Show
View Real Time Build Order
Export as new Build Order

Oliveira Terran 

Build Orders: Cyclone Opening, Reaper Expand 

Get SALT Encoding   

  12  0:00  SCV  
  13  0:12  SCV  
  14  0:17  Supply Depot  
  14  0:24  SCV  
  15  0:38  SCV  
  15  0:40  Barracks  
  16  0:44  Refinery  
  16  0:50  SCV  
  17  1:03  SCV  
  18  1:15  SCV  
  19  1:28  Orbital Command, Reaper  
  20  1:37  Command Center  
  20  1:45  Supply Depot  
  21  1:54  SCV  
  21  1:59  Marine  
  22  2:06  SCV  
  22  2:07  Factory  
  23  2:13  Refinery  
  23  2:17  Marine  
  23  2:18  SCV  
  25  2:30  SCV  
  25  2:33  Barracks  
  27  2:38  Barracks Reactor  
  27  2:42  SCV  
  27  2:52  Cyclone  
  27  2:53  Orbital Command  
  27  2:57  SCV  
  30  3:01  Barracks  
  30  3:09  SCV  
  31  3:14  Marine  
  31  3:15  Marine  
  31  3:19  SCV  
  34  3:20  Barracks Tech Lab  
  34  3:21  SCV  
  34  3:25  Factory Tech Lab  
  35  3:32  SCV  
  35  3:33  Supply Depot, SCV  
  37  3:34  Marine x2  
  39  3:41  Marine  
  39  3:42  Stimpack  
  39  3:45  SCV x2  
  39  3:47  Siege Tank  
  45  3:49  Barracks Tech Lab  
  45  3:53  Supply Depot  
  45  3:57  SCV x2, Marine  
  48  4:04  Marine  
  48  4:07  Marine  
  48  4:08  Combat Shield  
  48  4:09  SCV  
  51  4:10  SCV  
  51  4:13  Bunker  
  53  4:19  Engineering Bay  
  53  4:21  SCV  
  53  4:22  SCV  
  53  4:23  Marine  
  53  4:24  Marine, Refinery  
  56  4:28  Supply Depot  
  56  4:31  Marauder  
  58  4:33  Marauder  
  58  4:35  SCV  
  58  4:36  SCV  
  62  4:40  Starport  
  62  4:43  Factory Reactor  
  62  4:48  Terran Infantry Weapons Level 1  
  62  4:50  SCV  
  62  4:51  SCV  
  62  4:52  Supply Depot  
  64  4:54  Marauder  
  64  4:57  Marine  
  64  4:59  Marine, Marauder  
  70  5:11  Refinery  
  70  5:13  Supply Depot x2  
  70  5:14  SCV x2  
  72  5:17  Marauder  
  74  5:24  Medivac x2  
  78  5:31  Marine  
  78  5:34  SCV x2, Marine, Marauder, Armory  
  83  5:39  Supply Depot, Widow Mine  
  87  5:43  Marauder  
  87  5:46  SCV x2  
  87  5:48  Supply Depot  
  89  5:50  Marine  
  90  5:57  Medivac x2  
  90  6:01  Marine  
  97  6:04  Supply Depot, Marauder  
  97  6:07  Widow Mine  
  97  6:24  Drilling Claws  
  97  6:26  Supply Depot, SCV  
  97  6:30  Marauder, Barracks, Command Center  
  97  6:32  Barracks  
  100  6:40  SCV  
  100  6:45  Widow Mine  
  103  6:49  Marine, Marauder  
  103  6:51  Supply Depot, Viking x2  
  109  6:54  SCV  
  109  6:58  Marauder  
  109  6:59  Terran Infantry Armor Level 1  
  109  7:01  SCV  
  113  7:04  Supply Depot  
  113  7:07  Concussive Shells  
  115  7:08  Widow Mine  
  115  7:10  SCV  
  115  7:13  SCV  
  117  7:21  Barracks Reactor  
  117  7:22  Barracks Tech Lab, SCV, Viking  
  120  7:25  Viking  
  120  7:29  SCV  
  123  7:35  SCV  
  126  7:41  SCV  
  127  7:45  Orbital Command  
  127  7:46  Ghost Academy  
  127  7:50  SCV  
  128  7:57  Viking x2  
  130  7:58  SCV  
  130  7:59  Factory Reactor  
  130  8:04  Refinery x2  
  130  8:05  Supply Depot  
  131  8:09  SCV  
  131  8:10  SCV  
  131  8:12  SCV  
  134  8:15  Ghost  
  134  8:16  Missile Turret, Ghost  
  134  8:18  Command Center  
  134  8:19  Ghost  
  140  8:27  SCV x2  
  140  8:28  SCV  
  140  8:30  Supply Depot, Viking x2  
  140  8:33  Marine  
  140  8:34  Marine  
  149  8:39  SCV  
  149  8:41  Engineering Bay  
  150  8:46  Marauder x2, Widow Mine x2  
  150  8:48  SCV x2, Marauder  
  162  8:53  Personal Cloaking  
  162  8:54  Marine  
  162  8:55  Marine  
  163  8:58  SCV, Marine x2  
  163  9:02  Terran Infantry Armor Level 2  
  167  9:08  Supply Depot, Marauder x2  
  171  9:10  Supply Depot, Terran Infantry Weapons Level 2  
  171  9:14  Marine x2  
  173  9:23  Marauder  
  173  9:26  Viking  
  173  9:27  Marine  
  173  9:30  Widow Mine x2, Viking  
  142  9:39  Marine x2, Marauder  
  142  9:43  Ghost  
  129  9:47  Marine x2, Marauder  
  129  9:52  Widow Mine x2  
  131  9:56  Marine  
  131  9:59  Marine  
  133  10:00  Ghost  
  133  10:03  Medivac x2  
  133  10:04  Terran Ship Weapons Level 1  
  133  10:06  Marine  
  140  10:07  SCV  
  140  10:09  Barracks x2  
  140  10:10  Barracks  
  140  10:12  Marine x2  
  143  10:16  SCV  
  143  10:20  Marine x2, Marauder  
  148  10:21  Widow Mine  
  148  10:22  Widow Mine  
  148  10:24  SCV  
  148  10:27  SCV  
  151  10:28  Ghost  
  151  10:30  SCV, Ghost  
  151  10:31  Planetary Fortress  
  156  10:41  Ghost, Medivac  
  156  10:42  Marine x3  
  163  10:44  SCV x2  
  163  10:45  SCV  
  163  10:47  Viking  
  167  10:50  Starport  
  167  10:51  Refinery x2  
  167  10:54  Starport  
  167  10:56  SCV  
  167  10:57  SCV  
  167  11:00  Widow Mine x2  
  164  11:06  Marine  
  164  11:07  Marine x3  
  164  11:08  Barracks Tech Lab x3  
  164  11:11  SCV x2, Viking  
  168  11:13  Marine x2  
  170  11:26  Viking  
  170  11:28  Terran Infantry Weapons Level 3  
  170  11:29  SCV  
  170  11:30  SCV  
  172  11:38  Viking  
  174  11:40  Armory  
  174  11:41  Terran Infantry Armor Level 3  
  174  11:47  Command Center  
  174  11:52  Viking  
  176  11:54  Viking x2  
  180  12:04  Terran Vehicle And Ship Armor Level 1  
  180  12:05  Viking  
  180  12:08  Viking  
  184  12:14  Missile Turret  
  184  12:21  Missile Turret  
  180  12:24  Viking  
  180  12:27  Viking x2  
  182  12:30  Terran Ship Weapons Level 2  
  182  12:32  Nuke  
  182  12:35  Viking  
  184  12:40  Command Center  
  184  12:42  Viking  
  179  12:54  Viking  
  179  12:58  Viking x2  
  181  12:59  Sensor Tower  
  181  13:00  Missile Turret  
  181  13:05  Missile Turret  
  183  13:07  Viking  
  183  13:08  Ghost x2  
  183  13:10  Fusion Core  
  184  13:21  Viking  
  184  13:24  Marauder x2, Viking  
  188  13:28  Viking  
  188  13:29  Viking  
  192  13:37  Viking  
  192  13:38  Marauder x2  
  196  13:51  Viking  
  196  13:54  Viking  
  195  13:58  Marine x3  
  195  13:59  Marauder x2  
  183  14:05  Viking x2  
  183  14:07  Marine, Viking  
  149  14:11  Marine x2, Marauder x2  
  134  14:19  Ghost  
  134  14:23  Ghost  
  124  14:24  Marine x2  
  123  14:33  Orbital Command, Ghost x2  
  123  14:36  Ghost  
  126  14:40  Marine  
  126  14:41  Marine  
  126  14:44  SCV  
  129  14:48  SCV x2  
  129  14:51  Ghost x2  
  133  14:56  SCV  
  133  14:57  Marine x2  
  126  15:00  SCV  
  126  15:01  Planetary Fortress  
  126  15:03  SCV  
  127  15:08  Marauder  
  127  15:10  Marauder  
  127  15:11  SCV  
  127  15:13  SCV  
  131  15:15  SCV  
  131  15:18  Marauder  
  131  15:19  Marauder  
  136  15:21  Medivac  
  136  15:23  Medivac  
  136  15:25  SCV  
  136  15:26  SCV  
  142  15:29  Orbital Command  
  142  15:32  Refinery  
  142  15:33  Marauder  
  145  15:38  Marauder  
  145  15:40  Marauder  
  145  15:41  Marauder  
  151  15:44  SCV, Marine  
  151  15:45  Marauder  
  151  15:46  Marine  
  145  15:50  Marauder  
  145  15:53  SCV  
  145  15:55  Marauder  
  147  16:02  Ghost, Marauder  
  147  16:03  Marine  
  152  16:07  Supply Depot x2  
  152  16:08  Orbital Command, SCV  
  153  16:13  Marine  
  153  16:15  Marine  
  153  16:16  SCV  
  153  16:17  SCV  
  159  16:22  Viking  
  159  16:24  Marine x2  
  161  16:26  Ghost  
  161  16:27  Marine x2  
  161  16:30  Orbital Command  
  161  16:31  Viking  
  163  16:45  SCV x2  
  160  16:47  Marauder x2  
  160  16:48  Marauder x2  
  162  16:57  Marine, Marauder  
  162  16:59  Marine  
  155  17:11  Marine x2  
  155  17:13  Marine  
  158  17:19  Orbital Command  
  158  17:21  Marine x2  
  160  17:23  Marine  
Show
View Real Time Build Order
Export as new Build Order

Classic Protoss - Winner!

Build Orders: 1 Gate Expand, Blink Stalkers, Carriers, Colossus Rush 

Get SALT Encoding   

  12  0:00  Probe  
  13  0:12  Probe  
  14  0:16  Pylon  
  14  0:24  Probe  
  15  0:34  Gateway  
  15  0:36  Probe (Chrono Boost)  
  16  0:45  Probe (Chrono Boost)  
  16  0:46  Assimilator  
  17  0:51  Probe (Chrono Boost)  
  18  1:03  Probe  
  19  1:18  Nexus  
  19  1:27  Cybernetics Core  
  19  1:30  Probe  
  20  1:34  Assimilator  
  20  1:42  Probe  
  20  1:45  Pylon  
  21  1:54  Probe  
  21  2:01  Adept (Chrono Boost)  
  22  2:04  Warp Gate  
  22  2:06  Probe  
  25  2:13  Twilight Council  
  25  2:18  Probe  
  26  2:24  Stalker  
  29  2:30  Probe (Chrono Boost)  
  29  2:36  Shield Battery, Probe (Chrono Boost)  
  30  2:40  Probe (Chrono Boost)  
  30  2:43  Probe (Chrono Boost)  
  32  2:46  Probe  
  32  2:50  Blink (Chrono Boost)  
  33  2:55  Probe  
  33  2:58  Probe  
  35  3:03  Stalker  
  37  3:07  Probe  
  37  3:10  Probe  
  39  3:15  Gateway  
  39  3:19  Probe  
  40  3:22  Probe  
  40  3:26  Gateway  
  41  3:32  Robotics Facility  
  42  3:34  Probe  
  42  3:35  Probe  
  43  3:41  Pylon  
  43  3:46  Probe  
  43  3:48  Probe  
  45  3:50  Assimilator  
  45  3:53  Pylon  
  45  3:59  Pylon  
  45  4:00  Stalker  
  45  4:01  Probe x2  
  49  4:06  Assimilator  
  49  4:09  Stalker  
  51  4:13  Probe x2  
  53  4:19  Observer  
  53  4:23  Robotics Bay  
  54  4:28  Probe  
  54  4:29  Probe  
  56  4:34  Stalker x3  
  56  4:38  Pylon  
  62  4:41  Observer (Chrono Boost)  
  63  4:53  Nexus  
  63  4:56  Probe x2  
  65  5:04  Observer  
  65  5:07  Pylon  
  65  5:08  Observer, Probe x2, Colossus (Chrono Boost)  
  73  5:18  Extended Thermal Lance  
  73  5:20  Probe x2  
  75  5:28  Observer  
  75  5:32  Probe x2  
  75  5:33  Charge  
  75  5:34  Forge  
  77  5:36  Observer  
  77  5:44  Probe x2  
  77  5:47  Observer, Colossus (Chrono Boost)  
  79  5:51  Gateway  
  79  5:53  Gateway  
  85  5:59  Gateway  
  85  6:02  Pylon  
  86  6:04  Probe  
  86  6:05  Probe  
  86  6:11  Probe  
  88  6:12  Sentry x2  
  88  6:14  Shield Battery  
  88  6:16  Probe  
  91  6:22  Zealot  
  93  6:27  Gateway, Protoss Ground Weapons Level 1 (Chrono Boost), Colossus (Chrono Boost)  
  99  6:34  Probe x3  
  99  6:36  Pylon  
  99  6:37  Pylon  
  102  6:43  Zealot x3  
  102  6:47  Pylon  
  108  6:53  Pylon  
  107  6:55  Zealot x2, Probe x3  
  107  6:58  Assimilator  
  114  7:02  Assimilator  
  114  7:06  Pylon  
  114  7:08  Templar Archives  
  114  7:10  Probe x2  
  114  7:11  Probe  
  114  7:13  Warp Prism (Chrono Boost)  
  119  7:17  Pylon  
  119  7:26  Nexus  
  119  7:29  Probe  
  122  7:30  Pylon, Probe x2  
  122  7:39  Stalker  
  122  7:40  Stalker x3  
  122  7:43  Pylon  
  130  7:47  Observer  
  130  7:48  Psionic Storm  
  130  7:49  Pylon  
  131  7:51  Probe x3  
  134  8:03  Shield Battery x2, Probe x3  
  134  8:05  Pylon  
  137  8:10  High Templar x2  
  137  8:11  High Templar x2  
  145  8:16  Photon Cannon  
  145  8:17  Photon Cannon  
  145  8:19  Photon Cannon  
  145  8:21  Pylon  
  145  8:22  Protoss Ground Weapons Level 2 (Chrono Boost)  
  145  8:24  Immortal (Chrono Boost)  
  142  8:30  Probe x2  
  148  8:34  Assimilator  
  148  8:35  Shield Battery  
  148  8:37  Assimilator  
  148  8:42  Probe x3  
  141  8:54  Zealot x7  
  141  8:55  Observer  
  155  8:59  Warp Prism (Chrono Boost)  
  157  9:08  Stargate  
  157  9:16  Photon Cannon  
  157  9:17  Protoss Air Weapons Level 1 (Chrono Boost), Stalker x3  
  156  9:27  Zealot x4  
  132  9:39  Probe x2  
  132  9:40  Probe  
  132  9:44  Zealot x3  
  133  9:46  Probe  
  133  9:51  Probe  
  133  9:52  Probe x2  
  129  9:53  High Templar x2  
  129  9:55  Fleet Beacon  
  129  9:59  Probe  
  134  10:03  High Templar x2  
  134  10:04  Probe x3  
  134  10:06  Stargate  
  141  10:08  Stargate  
  141  10:17  Gateway  
  141  10:23  Gateway  
  141  10:25  Gateway  
  141  10:28  Nexus  
  137  10:30  Pylon  
  137  10:33  Gravitic Drive  
  137  10:34  Protoss Ground Weapons Level 3  
  137  10:41  Carrier (Chrono Boost)  
  143  10:46  Mothership (Chrono Boost)  
  149  10:54  Carrier (Chrono Boost)  
  149  10:55  Carrier (Chrono Boost)  
  153  11:23  Colossus (Chrono Boost)  
  151  11:33  Shield Battery  
  151  11:35  Zealot x7, Carrier (Chrono Boost)  
  151  11:36  Pylon  
  151  11:38  Zealot  
  173  11:43  Probe x4  
  173  11:47  Assimilator, Carrier (Chrono Boost)  
  183  11:55  Probe  
  183  11:56  Carrier (Chrono Boost)  
  189  12:06  Observer (Chrono Boost)  
  188  12:10  Photon Cannon  
  188  12:11  Protoss Air Weapons Level 2 (Chrono Boost)  
  188  12:14  Stalker x3  
  194  12:22  Pylon  
  188  12:37  High Templar x2  
  188  12:38  Stalker x4  
  198  12:53  Nexus  
  194  13:12  Pylon  
  192  13:15  Stalker x4  
  197  13:28  Observer  
  197  13:30  Protoss Shields Level 1  
  197  13:33  Pylon  
  198  13:36  Nexus  
  192  13:59  Stalker  
  192  14:00  Stalker x4  
  192  14:03  Archon  
  192  14:04  Archon, Carrier x3 (Chrono Boost)  
  192  14:06  Stalker x3  
  155  14:11  Archon  
  137  14:24  Zealot x5  
  137  14:26  Colossus (Chrono Boost)  
  137  14:29  Zealot x3  
  165  14:32  Zealot x2  
  165  14:34  Mothership (Chrono Boost)  
  165  14:36  Gateway  
  169  14:38  Gateway  
  169  14:39  Photon Cannon  
  169  14:45  High Templar x4  
  172  14:46  High Templar  
  172  14:52  Carrier (Chrono Boost)  
  176  14:53  Carrier (Chrono Boost)  
  176  14:58  Carrier (Chrono Boost), Stargate  
  176  14:59  Assimilator  
  194  15:12  Warp Prism (Chrono Boost)  
  196  15:22  Nexus  
  196  15:24  Pylon  
  196  15:29  Gateway  
  196  15:41  Gateway  
  196  16:04  Archon  
  196  16:06  High Templar x2  
  180  17:06  Robotics Facility  
  180  17:09  Robotics Facility  
  180  17:14  Gateway  
  180  17:16  Gateway  
  169  17:40  Zealot x6  
  169  17:41  Zealot x5  
Tags
 
Add a new tag
Caveats
  • Supply blocks, unpowered buildings, or Contaminate may cause inaccurate times.
  • Supply counts are checked every 10 seconds.